 Dungeon Crawl Stone Soup version 0.21-a0-380-gd65dc97 (webtiles) character file.

220 graki42 the Cudgeler (level 5, -4/33 HPs)
             Began as a Gargoyle Berserker on Oct 17, 2017.
             Was a Believer of Trog.
             Slain by a river rat (5 damage)
             ... on level 3 of the Dungeon.
             The game lasted 00:06:51 (2341 turns).

graki42 the Cudgeler (Gargoyle Berserker)           Turns: 2341, Time: 00:06:52

Health: -4/33      AC: 11    Str: 22    XL:     5   Next: 97%
Magic:  5/5        EV: 10    Int:  7    God:    Trog [**....]
Gold:   145        SH:  3    Dex:  9    Spells: 4/4 levels left

rFire    . . .     SeeInvis .   k - +1 whip
rCold    . . .     Gourm    .   d - +0 buckler
rNeg     + . .     Faith    +   e - +0 scale mail
rPois    ∞         Spirit   .   (no helmet)
rElec    +         Reflect  .   (no cloak)
rCorr    .         Harm     .   (no gloves)
MR       .....                  (no boots)
Stlth    ..........             g - amulet of faith
HPRegen  0.11/turn              (no ring)
MPRegen  0.09/turn              (no ring)

@: berserk cooldown, flying, slowed, very slow
A: negative energy resistance 1, electricity resistance, unbreathing,
petrification resistance, rot immunity, AC +4
a: Berserk, Trog's Hand, Burn Spellbooks, Renounce Religion


You were on level 3 of the Dungeon.
You worshipped Trog.
Trog was pleased with you.
You were not hungry.

You visited 1 branch of the dungeon, and saw 4 of its levels.

You collected 145 gold pieces.

Inventory:

Hand Weapons
 a - a +0 mace
 k - a +1 whip (weapon)
Missiles
 m - a throwing net (quivered)
Armour
 b - a +0 animal skin
 d - a +0 buckler (worn)
 e - a +0 scale mail (worn)
 h - a cursed +0 chain mail
Jewellery
 g - an amulet of faith (around neck)
Scrolls
 l - 2 scrolls of identify
Potions
 f - a potion of magic {unknown}
 i - a potion of ambrosia {unknown}
 j - a potion of flight
 n - a potion of haste {unknown}
 o - a potion of agility
Comestibles
 c - a bread ration
 p - a royal jelly


   Skills:
 + Level 4.1 Fighting
 + Level 4.6 Maces & Flails
 + Level 3.9 Armour
 + Level 2.0 Dodging
 + Level 0.4 Stealth
 * Level 1.1 Shields


You had 4 spell levels left.
You didn't know any spells.

Dungeon Overview and Level Annotations

Branches:
Dungeon (4/15)
 Temple: D:4-7

Altars:
The Shining One

Annotations:
D:3 Natasha; grom234's ghost, amateur OgHu


Innate Abilities, Weirdness & Mutations

You are resistant to torment.
Your stone body is resilient. (AC +4)
You are immune to poison.
You resist negative energy. (rN+)
You are resistant to electric shocks. (rElec)
You can survive without breathing.
You are immune to petrification.
You are immune to rotting.


Message History

Your unstable footing causes you to fumble your attack.
You hear the quick rusting of a drain.
The river rat barely misses you. x2
You closely miss the river rat.
The river rat is moderately wounded.
The river rat barely misses you.
Your unstable footing causes you to fumble your attack.
The river rat closely misses you.
Your unstable footing causes you to fumble your attack.
The river rat barely misses you. The river rat bites you.
* * * LOW HITPOINT WARNING * * *
Your unstable footing causes you to fumble your attack.
The river rat bites you.
* * * LOW HITPOINT WARNING * * *
It was a potion of flight.
You feel very buoyant.
You fly up into the air.
The river rat bites you.
* * * LOW HITPOINT WARNING * * *
The river rat bites you.
You die...

# ≈## #≈# #≈# #≈# #.#
######## #r# .......#
#@# .###...# #≈# .#
#...# ##≈# .###...####
#.## #
.......#..#####(##....
##[##.......g......#
....<÷##....#(######
##.##.###.#.#.#
#........g....#


You could see a river rat.

Vanquished Creatures
  A phantom (D:4)
  6 adders
  An ooze (D:4)
  2 worms
  A dart slug (D:2)
  3 leopard geckos
  An orc (D:3)
  A giant cockroach (D:1)
  8 goblins
  6 hobgoblins
  7 jackals (D:1)
  4 kobolds
  A quokka (D:2)
  5 bats
  7 frilled lizards
  10 rats
64 creatures vanquished.

Notes
Turn   | Place    | Note
-------+----------+-------------------------------------------
     0 | D:1      | graki42 the Gargoyle Berserker began the quest for the Orb.
     0 | D:1      | Reached XP level 1. HP: 14/14 MP: 1/1
   305 | D:1      | Reached XP level 2. HP: 19/19 MP: 2/2
   699 | D:1      | Reached XP level 3. HP: 21/24 MP: 3/3
   918 | D:2      | Reached ** piety under Trog
  1028 | D:2      | Reached XP level 4. HP: 29/29 MP: 4/4
  1320 | D:2      | Found a glowing golden altar of the Shining One.
  1822 | D:3      | Noticed grom234's ghost (amateur OgHu)
  1823 | D:3      | Noticed Natasha
  1823 | D:3      | Found a faded altar of an unknown god.
  1868 | D:3      | Reached XP level 5. HP: 33/33 MP: 5/5
  2053 | D:4      | Noticed a phantom
  2159 | D:4      | Killed a phantom
  2159 | D:4      | Reached skill level 1 in Shields
  2341 | D:3      | HP: 1/33 [river rat (3)]
  2341 | D:3      | Slain by a river rat

Vault maps used:
D:1:      dpeg_arrival_pond, corexii_item_surrounded_by_moat,
          serial_bayou_pond_a
D:2:      tso_metal_star
D:3:      chequers_ecumenical_altar_simple, first_bread, gup_sewer_entry_spiral,
          serial_bayou_pond_c, uniq_natasha
D:4:      kennysheep_mini_moat, st_stairs_8, okawaru_altar_gauntlet_db,
          uniq_pikel, uniq_ijyb, uniq_blork_the_orc

Skill      XL: |  1  2  3  4  5 |
---------------+----------------+-----
Armour         | 3 |  3.9
Maces & Flails | 4 |  4.6
Fighting       | 4 |  4.1
Dodging        | 2 |  2.0
Shields        | 1 |  1.1
Stealth        | |  0.4

Action                   |  1- 3 |  4- 6 || total
-------------------------+-------+-------++-------
Melee: Mace              |   129 |    52 ||   181
       Whip              |       |   168 ||   168
Invok: Berserk           |     1 |     2 ||     3
       Trog's Hand       |       |     3 ||     3
  Use: Scroll            |       |     5 ||     5
       Potion            |       |     1 ||     1
  Eat: Chunk             |     1 |     4 ||     5
       Bread ration      |       |     1 ||     1
Armor: Scale mail        |   106 |   102 ||   208
Dodge: Dodged            |   116 |    76 ||   192
Block: Buckler           |       |     7 ||     7

Table legend:
 A = Spawn XP
 B = Non-spawn XP
 C = Spawn XP percentage of total XP
 D = Spawn monster count
 E = Non-spawn monster count
 F = Spawn count percentage of total count
 G = Total turns spent on level
                    A         B        C        D         E        F      G
               +---------+---------+-------+---------+---------+-------+---------
         Total |       0 |     315 |   0.0 |       0 |      64 |   0.0 |  2341
               +---------+---------+-------+---------+---------+-------+---------
           D:1 |       0 |      42 |   0.0 |       0 |      24 |   0.0 |   881
           D:2 |       0 |     104 |   0.0 |       0 |      26 |   0.0 |   930
           D:3 |       0 |      34 |   0.0 |       0 |      11 |   0.0 |   325
           D:4 |       0 |     135 |   0.0 |       0 |       3 |   0.0 |   205
               +---------+---------+-------+---------+---------+-------+---------
